 Dungeon Crawl Stone Soup version 0.25-a0-317-g5f8687bca5 (webtiles) character file.

Game seed: 15035363831108630348, levelgen mode: deterministic

256 Baz the Chiller (level 6, -4/44 HPs)
             Began as a Barachi Ice Elementalist on Dec 26, 2019.
             Slain by a goblin
             ... wielding a +0 dagger
             ... led by Robin
              (6 damage)
             ... on level 2 of the Dungeon.
             The game lasted 00:08:34 (2737 turns).

Baz the Chiller (Barachi Ice Elementalist)          Turns: 2737, Time: 00:08:34

Health: -4/44      AC:  3    Str: 10    XL:     6   Next: 15%
Magic:  5/11       EV: 12    Int: 17    God:
Gold:   38         SH:  0    Dex: 12    Spells: 0/12 levels left

rFire    . . .     SeeInvis .   w - +3 dagger (elec)
rCold    . . .     Gourm    .   (no shield)
rNeg     + + .     Faith    .   i - +0 leather armour
rPois    .         Spirit   .   (no helmet)
rElec    .         Reflect  .   (no cloak)
rCorr    .         Harm     .   (no gloves)
MR       .....                  (no boots)
Stlth    ++........             (no amulet)
HPRegen  0.14/turn              d - ring of positive energy
MPRegen  0.12/turn              o - ring of positive energy

@: very slightly contaminated, slowed, very slow
A: +LOS, swims, slowness 1, strong legs 1
a: Hop


You were on level 2 of the Dungeon.
You were very hungry.

You visited 1 branch of the dungeon, and saw 3 of its levels.

You collected 38 gold pieces.

Inventory:

Hand Weapons
 f - a +0 dagger
 v - a +0 hand axe
 w - a +3 dagger of electrocution (weapon)
Missiles
 p - 13 poisoned darts (quivered)
Armour
 a - a +0 robe
 i - a +0 leather armour (worn)
Jewellery
 d - a ring of positive energy (left hand)
 h - an uncursed ring of magical power {unknown}
 j - an uncursed amulet of rage {unknown}
 o - a ring of positive energy (right hand)
 q - an uncursed ring of wizardry {unknown}
Scrolls
 b - a scroll of immolation {unknown}
 e - a scroll of enchant armour {unknown}
 s - a scroll of blinking {unknown}
Potions
 n - a potion of might {unknown}
 t - 2 potions of curing {unknown}
Comestibles
 c - a ration


   Skills:
 - Level 2.1 Fighting
 + Level 3.0 Armour
 - Level 2.1 Dodging
 - Level 1.7 Stealth
 - Level 3.7 Spellcasting
 + Level 2.0 Conjurations
 + Level 0.0 Summonings
 + Level 6.1 Ice Magic


You couldn't memorise any spells.
You knew the following spells:

 Your Spells              Type           Power        Failure   Level  Hunger
a - Freeze                Ice            ###.         1%          1    None
b - Ozocubu's Armour      Chrm/Ice       ##......     19%         3    ###....
c - Hailstorm             Conj/Ice       ###.....     36%         4    ####...
d - Summon Ice Beast      Ice/Summ       ##......     52%         4    ####...

Your spell library contained the following spells:

 Spells                   Type           Power        Failure   Level  Hunger


Dungeon Overview and Level Annotations

Branches:
Dungeon (3/15)

Altars:

Annotations:
D:3 1 runed translucent door, Robin; Terence; anet's ghost, amateur DEWz


Innate Abilities, Weirdness & Mutations

You can be seen from farther away. (+LOS)
You can swim through water.
You cover ground slowly.
You can hop short distances.


Message History

* * * LOW HITPOINT WARNING * * *
Unknown command.
Unknown command.
The orc barely misses you. The goblin hits you but does no damage.
The orc wizard hits you with a +0 dagger.
* * * LOW HITPOINT WARNING * * *
Unknown command.
The orc barely misses you. The orc wizard casts a spell at you.
You feel yourself slow down. The orc misses you.
The orc wizard mumbles some strange words.
The orc wizard blinks!
The goblin hits you with a +0 dagger.
* * * LOW HITPOINT WARNING * * *
The orc misses you. The goblin misses you.
Unknown command.
The orc hits you with a +0 whip.
* * * LOW HITPOINT WARNING * * *
The goblin hits you with a +0 dagger.
You die...

####.## #.....'.........
#..###.#####.........
##.....# #.........
#..[..# #.........
##....# #.........
#..#.# #.......P♣
#######.#.# #......≈≈P
#....##.#o# #......≈.≈
#####....##@#.#
#......≈P.
##♣♣♣♣P♣♣≈♣....#ogo#
#######♣≈.
≈♣♣P♣♣≈♣♣♣♣≈PP≈##..#####
#..
♣♣≈≈≈≈≈P≈≈P≈≈≈≈≈♣≈>....#
###
≈≈≈P≈≈≈≈≈≈≈P♣≈≈≈♣♣.....#
≈P≈≈≈≈≈≈≈≈≈≈≈≈P≈PP≈....#
≈≈≈≈≈≈≈≈≈≈≈≈≈≈≈P≈♣♣♣...#
≈≈≈≈≈≈≈≈≈≈≈≈≈≈≈P≈≈≈♣≈..#
≈≈≈≈≈≈≈≈≈≈≈≈≈≈≈≈≈≈≈≈♣..#


You could see an orc wizard, an orc and a goblin.

Vanquished Creatures
  A sky beast (D:3)
  2 orc priests (D:3)
  5 adders
  2 dart slugs
  3 leopard geckos
  3 orcs (D:3)
  3 bats (D:1)
  2 giant cockroaches
  5 goblins
  5 hobgoblins
  3 jackals (D:2)
  5 kobolds
  A quokka (D:3)
  A ball python (D:3)
  5 frilled lizards
  8 rats
54 creatures vanquished.

Notes
Turn   | Place    | Note
-------+----------+-------------------------------------------
     0 | D:1      | Baz the Barachi Ice Elementalist began the quest for the
                  | Orb.
     0 | D:1      | Reached XP level 1. HP: 13/13 MP: 3/3
   136 | D:1      | Reached skill level 5 in Ice Magic
   138 | D:1      | Reached XP level 2. HP: 20/20 MP: 0/5
   149 | D:1      | Reached skill level 1 in Fighting
   879 | D:2      | Reached XP level 3. HP: 26/26 MP: 5/7
   958 | D:2      | Learned a level 3 spell: Ozocubu's Armour
  1106 | D:2      | Reached skill level 1 in Armour
  1587 | D:2      | Noticed a centaur
  1619 | D:3      | Noticed anet's ghost (amateur DEWz)
  1725 | D:3      | Reached XP level 4. HP: 27/33 MP: 3/8
  2115 | D:3      | Noticed Robin
  2157 | D:2      | Learned a level 4 spell: Hailstorm
  2242 | D:3      | Found a runed translucent door.
  2242 | D:3      | Noticed a sky beast
  2271 | D:3      | Reached XP level 5. HP: 22/38 MP: 2/9
  2280 | D:3      | Killed a sky beast
  2280 | D:3      | Reached skill level 1 in Conjurations
  2283 | D:3      | Reached skill level 6 in Ice Magic
  2283 | D:3      | Reached XP level 6. HP: 11/44 MP: 3/11
  2327 | D:3      | Found a glowing drain.
  2641 | D:3      | Noticed Terence
  2671 | D:3      | Learned a level 4 spell: Summon Ice Beast
  2737 | D:2      | HP: 2/44 [orc/+0 whip (4)]
  2737 | D:2      | Slain by a goblin

Levels and vault maps discovered:
D:1:      ncdulo_watergridlock, layout_loops_cross
D:2:      layout_basic, serial_bayou, serial_bayou_ford_a, serial_bayou_lake_a,
          serial_bayou_pond_d, serial_bayou_pond_a, serial_bayou_pond_e,
          serial_bayou_pond_a
D:3:      layout_rooms, portal_sewer_entry_d, hellmonk_ghost_happy_afterlife,
          minmay_misc_feat_rows, uniq_robin, uniq_terence, uniq_sigmund

Skill      XL: |  1  2  3  4  5  6 |
---------------+-------------------+-----
Ice Magic      | 5 6 |  6.1
Fighting       | 1 2 |  2.1
Armour         | 1 2 3 |  3.0
Spellcasting   | 3 |  3.7
Conjurations   | 2 |  2.0
Dodging        | |  2.1
Stealth        | |  1.7

Action                   |  1- 3 |  4- 6 || total
-------------------------+-------+-------++-------
Melee: Unarmed           |     9 |       ||     9
       Dagger            |     9 |    14 ||    23
       Hand axe          |     5 |     1 ||     6
 Cast: Freeze            |    45 |    24 ||    69
       Ozocubu's Armour  |     1 |       ||     1
       Hailstorm         |       |     2 ||     2
 Abil: Hop               |       |     1 ||     1
  Use: Scroll            |     1 |     3 ||     4
       Potion            |       |     3 ||     3
 Stab: Sleeping          |     1 |       ||     1
  Eat: Chunk             |     4 |     2 ||     6
Armor: Robe              |     5 |       ||     5
       Leather armour    |     6 |    10 ||    16
Dodge: Dodged            |    35 |    52 ||    87

Table legend:
 A = Non-vault XP
 B = Vault XP
 C = Vault XP percentage of total XP
 D = Non-vault monster count
 E = Vault monster count
 F = Vault count percentage of total count
                 A         B        C        D         E       F
            +---------+---------+-------+---------+---------+-------
      Total |     345 |      21 |   5.7 |      49 |       5 |   9.3
            +---------+---------+-------+---------+---------+-------
        D:1 |      32 |       0 |   0.0 |      17 |       0 |   0.0
        D:2 |      50 |       8 |  13.8 |      14 |       4 |  22.2
        D:3 |     263 |      13 |   4.7 |      18 |       1 |   5.3
            +---------+---------+-------+---------+---------+-------
